Map: Ruby Rock LE

Players

Elazer - Winner!

  • Race: Zerg Zerg
  • League: Master
  • Spawn Location: 5:00

Fjant

  • Race: Zerg Zerg
  • League: Grandmaster
  • Spawn Location: 11:00

VOD

Have the link to the VOD?

Description

Time

  • Played on: Jan. 31, 2026, 8:22 a.m.
  • Length: 9:32
Show
View Real Time Build Order
Export as new Build Order

Elazer Zerg - Winner!

Build Orders: Hatch First 

Get SALT Encoding   

  12  0:00  Drone  
  13  0:07  Drone  
  13  0:14  Extractor, Drone  
  14  0:21  Overlord  
  15  0:39  Drone  
  16  0:44  Hatchery  
  16  0:48  Drone  
  16  0:51  Drone  
  16  0:55  Drone  
  18  1:05  Extractor  
  18  1:10  Spawning Pool  
  16  1:13  Drone  
  16  1:17  Drone  
  18  1:27  Drone  
  19  1:37  Drone  
  20  1:47  Drone  
  21  1:56  Queen x2  
  21  1:57  Drone  
  26  2:04  Drone  
  26  2:06  Drone  
  28  2:09  Overlord  
  28  2:10  Metabolic Boost  
  28  2:24  Hatchery  
  28  2:27  Zergling x2  
  28  2:30  Drone  
  28  2:32  Drone  
  28  2:34  Drone  
  31  2:39  Drone  
  31  2:41  Overlord  
  32  2:52  Drone x2  
  34  3:00  Zergling x2  
  34  3:03  Zergling x2  
  34  3:04  Zergling x8  
  34  3:05  Zergling x4  
  42  3:09  Queen  
  44  3:16  Baneling Nest  
  44  3:18  Overlord  
  43  3:21  Zergling x2  
  44  3:33  Overlord  
  44  3:36  Zergling x2  
  44  3:37  Zergling x2  
  44  3:38  Drone x5  
  51  3:42  Drone x2  
  51  3:45  Drone  
  54  3:49  Drone x2  
  54  3:53  Drone  
  55  4:03  Drone x3  
  55  4:07  Extractor, Roach Warren, Baneling  
  55  4:08  Baneling x3  
  55  4:10  Drone x3  
  55  4:15  Overlord  
  55  4:16  Overlord  
  58  4:19  Overlord  
  58  4:28  Baneling x2  
  58  4:29  Baneling  
  58  4:33  Extractor  
  58  4:34  Drone x4  
  58  4:36  Zergling x4  
  58  4:37  Overlord  
  63  4:38  Overlord  
  63  4:47  Roach x3  
  63  4:52  Drone x6  
  75  4:58  Drone x4  
  79  5:02  Roach x2  
  79  5:06  Overlord  
  82  5:11  Roach  
  82  5:12  Ravager  
  83  5:21  Roach x3  
  84  5:26  Roach  
  84  5:39  Roach x4  
  90  5:43  Roach  
  90  5:44  Roach  
  90  5:45  Zergling x14, Queen  
  102  5:55  Roach x2  
  105  6:02  Overlord  
  105  6:04  Overlord  
  105  6:06  Lair  
  105  6:09  Overlord, Extractor  
  104  6:14  Hatchery  
  100  6:21  Roach  
  100  6:22  Roach x5, Zergling x8  
  108  6:29  Roach  
  96  6:35  Roach x4  
  102  6:41  Overlord  
  102  6:42  Roach  
  102  6:43  Roach  
  102  6:45  Extractor  
  102  6:46  Extractor  
  104  6:49  Roach x3  
  110  6:54  Overlord  
  110  6:55  Roach x3  
  116  7:04  Glial Reconstitution  
  114  7:13  Roach x3  
  120  7:18  Roach x3  
  124  7:23  Overlord  
  124  7:27  Drone x9  
  124  7:29  Spire  
  132  7:34  Overlord  
  132  7:35  Overlord  
  132  7:41  Overseer  
  132  7:42  Drone x3  
  135  7:45  Drone x2  
  135  7:47  Drone  
  138  7:51  Drone  
  138  7:52  Drone x2  
  138  7:54  Roach  
  143  8:02  Overlord  
  143  8:11  Zergling x24  
  155  8:15  Overlord  
  155  8:16  Overlord  
  155  8:36  Mutalisk x9  
  155  8:38  Mutalisk  
  173  8:46  Mutalisk x2  
  174  8:50  Zergling x14  
  144  9:03  Mutalisk x2  
  144  9:06  Zergling x8  
Show
View Real Time Build Order
Export as new Build Order

Fjant Zerg 

Build Orders: Hatch First 

Get SALT Encoding   

  12  0:00  Drone  
  13  0:08  Drone  
  14  0:16  Extractor  
  14  0:17  Drone  
  15  0:22  Overlord  
  15  0:41  Drone  
  16  0:46  Hatchery  
  16  0:49  Drone  
  16  0:54  Drone  
  18  0:57  Drone  
  18  1:08  Extractor  
  17  1:12  Spawning Pool  
  17  1:15  Drone  
  17  1:18  Drone  
  18  1:27  Drone  
  19  1:37  Drone  
  20  1:54  Drone  
  21  1:59  Queen x2, Zergling x2  
  21  2:00  Overlord  
  26  2:10  Drone  
  26  2:11  Metabolic Boost  
  26  2:13  Drone  
  28  2:20  Drone x2  
  30  2:30  Drone  
  30  2:32  Drone  
  32  2:38  Hatchery  
  32  2:42  Drone  
  32  2:44  Overlord  
  32  2:49  Baneling Nest  
  31  2:55  Drone  
  31  2:56  Drone  
  33  3:04  Drone  
  34  3:11  Drone x3  
  34  3:12  Zergling x8  
  41  3:18  Drone, Overlord  
  42  3:29  Zergling x2  
  42  3:31  Zergling x2  
  44  3:34  Baneling x2  
  44  3:35  Baneling x2  
  44  3:36  Zergling x2  
  45  3:43  Zergling x14  
  45  3:47  Roach Warren  
  46  4:04  Zergling x12  
  52  4:13  Queen  
  52  4:14  Overlord  
  54  4:18  Overlord  
  54  4:23  Extractor  
  53  4:25  Drone x2  
  53  4:26  Drone  
  53  4:30  Drone x2  
  58  4:32  Overlord  
  58  4:35  Overlord  
  58  4:40  Overlord  
  58  4:44  Roach x3  
  64  4:51  Roach  
  66  4:54  Roach x2  
  70  5:02  Roach  
  70  5:04  Baneling x4  
  70  5:06  Roach  
  74  5:10  Drone x4  
  77  5:17  Drone  
  77  5:20  Drone x2  
  73  5:22  Roach x2  
  73  5:26  Roach x2  
  79  5:29  Zergling x6  
  79  5:31  Zergling x2  
  80  5:40  Zergling x8  
  81  5:43  Drone  
  81  5:44  Lair  
  81  5:45  Drone  
  81  5:47  Extractor  
  81  5:49  Drone  
  80  5:53  Drone  
  80  5:56  Roach  
  83  6:01  Roach x3  
  83  6:03  Drone x6  
  95  6:07  Roach  
  95  6:10  Overlord  
  90  6:18  Roach x3  
  90  6:22  Zergling x2  
  89  6:28  Roach x4  
  89  6:31  Zergling x8  
  97  6:38  Extractor  
  96  6:41  Glial Reconstitution  
  96  6:42  Drone x2  
  96  6:43  Drone  
  96  6:45  Queen  
  101  6:51  Roach x2  
  105  6:55  Overlord x3  
  105  7:13  Roach x6  
  105  7:15  Drone x4  
  117  7:23  Spire  
  117  7:25  Extractor, Drone x3  
  117  7:26  Drone  
  117  7:28  Extractor  
  117  7:29  Drone  
  119  7:34  Roach  
  119  7:36  Overlord  
  121  7:38  Overlord  
  121  7:42  Roach x2  
  125  7:45  Overlord  
  125  7:46  Overlord  
  125  8:02  Roach x6  
  137  8:09  Overlord  
  137  8:17  Overlord  
  136  8:26  Roach x8  
  152  8:29  Mutalisk  
  152  8:30  Mutalisk  
  155  8:34  Roach x2  
  158  8:42  Mutalisk x3  
  163  8:53  Roach x3  
  156  8:59  Mutalisk x3  
  129  9:07  Mutalisk  
Tags
 
Add a new tag
Caveats
  • Supply blocks, unpowered buildings, or Contaminate may cause inaccurate times.
  • Supply counts are checked every 10 seconds.